 Dungeon Crawl Stone Soup version 0.17.1-2-g5865329 (webtiles) character file.

118 Aokaililo the Grave Robber (level 4, -2/37 HPs)
             Began as a Demonspawn Necromancer on Jan 21, 2016.
             Slain by Aokaililo's ghost (10 damage)
             ... on level 3 of the Dungeon.
             The game lasted 00:07:26 (3875 turns).

Aokaililo the Grave Robber (Demonspawn Necromancer) Turns: 3875, Time: 00:07:26

Health: -2/37      AC:  2    Str:  9    XL:     4   Next: 72%
Magic:  16/16      EV: 12    Int: 17    God:
Gold:   145        SH:  0    Dex: 13    Spells: 3 memorised, 0 levels left

rFire  + . .     SeeInvis .     e - +1 club
rCold  . . .     Clarity  .     a - +0 robe
rNeg   . . .     SustAt   .     (no shield)
rPois  .         Gourm    .     (helmet restricted)
rElec  .         Spirit   .     (no cloak)
rCorr  .         Warding  .     (no gloves)
rMut   .         Stasis   .     (no boots)
MR     .....                    (no amulet)
Stlth  +++.......               p - ring of stealth
                                g - ring of magical power

@: not resistant to hostile enchantments, fairly stealthy
A: antennae 1, fire resistance 1
a: no special abilities


You were on level 3 of the Dungeon.
You were hungry.

You visited 1 branch of the dungeon, and saw 3 of its levels.

You collected 145 gold pieces.

Inventory:

Hand Weapons
 e - a +1 club (weapon)
Armour
 a - a +0 robe (worn)
 r - a +0 ring mail
Jewellery
 g - a ring of magical power (left hand)
 j - an uncursed ring of sustain attributes
 p - a ring of stealth (right hand)
Wands
 s - a wand of paralysis (0)
Scrolls
 k - 3 scrolls of remove curse
 l - a scroll of amnesia
Potions
 d - a potion of curing
 h - 2 potions of haste
 i - 2 potions of degeneration {unknown}
 m - a potion of heal wounds {unknown}
 q - a potion of mutation {unknown}
 t - a potion of brilliance {unknown}
Books
 b - a book of Necromancy

   Spells                             Type                      Level
   a - Pain                           Necromancy                   1
   b - Animate Skeleton               Necromancy                   1
   c - Vampiric Draining              Necromancy                   3
   d - Regeneration                   Charms/Necromancy            3
   e - Animate Dead                   Necromancy                   4
   f - Control Undead                 Necromancy                   4
Comestibles
 c - 6 bread rations
 f - a fruit
 n - a chunk of flesh
 o - 2 meat rations


   Skills:
 + Level 4.2 Fighting
 - Level 1.8 Dodging
 - Level 1.7 Stealth
 - Level 2.0 Spellcasting
 - Level 4.4 Necromancy


You couldn't memorise any spells.
You knew the following spells:

 Your Spells              Type           Power        Failure   Level  Hunger
a - Pain                  Necr           ###.         3%          1    #......
b - Vampiric Draining     Necr           ###.......   12%         3    ###....
c - Regeneration          Chrm/Necr      #.........   24%         3    ###....


Dungeon Overview and Level Annotations

Branches:
Dungeon (3/15)

Altars:
Okawaru

Annotations:
D:3 Aokaililo's ghost, amateur DsNe


Innate Abilities, Weirdness & Mutations

You have a pair of small antennae on your head.
Your flesh is heat resistant.


Message History

Evoking this partially-identified wand wasted a few charges.
Aokaililo's ghost hits you!
Evoke which item? (* to show all) (? for menu, Esc to quit)
Zapping:
s - a wand of paralysis {zapped: 6} (will waste charges)
Press: ? - help, Shift-Dir - straight line, f/p - Aokaililo's ghost
Aim: Aokaililo's ghost (moderately damaged, chance to defeat MR: 34%) Aokaililo's ghost easily resists.
Evoking this partially-identified wand wasted a few charges.
Aokaililo's ghost hits you!
* * * LOW HITPOINT WARNING * * *
Evoke which item? (* to show all) (? for menu, Esc to quit)
Zapping:
s - a wand of paralysis {zapped: 9} (will waste charges)
Press: ? - help, Shift-Dir - straight line, f/p - Aokaililo's ghost
Aim: Aokaililo's ghost (moderately damaged, chance to defeat MR: 34%) Nothing appears to happen.
Aokaililo's ghost hits you but does no damage.
Evoke which item? (* to show all) (? for menu, Esc to quit)
This wand has no charges.
Aokaililo's ghost hits you!
You die...

#....# #..........# #......
#....# #..........# #......
#....# #..........# #<####.
#....# #..........#########.
#....######....................
..+....'....'........).).........
(.#....######....................
.......#########.#'####..........
...............#@#.# #..........
##..............W#.# #..........
#...............#.# #########..
##.##.##.######.#.# #..
##..............#.# #..
#.<.#.###.#####.#.# ##+ #...#.#
..# ..#.# #...#.# .... ...
#...#.# #..#.#.#


You could see Aokaililo's ghost.

Vanquished Creatures
  4 adders
  4 worms (D:2)
  4 giant geckos
  2 orcs (D:3)
  6 bats
  4 giant cockroaches (D:2)
  9 goblins
  7 hobgoblins
  7 jackals (D:2)
  2 quokkas
  A ball python (D:1)
  3 giant newts
  2 kobolds
  8 rats
63 creatures vanquished.

Notes
Turn   | Place    | Note
--------------------------------------------------------------
     0 | D:1      | Aokaililo the Demonspawn Necromancer began the quest for the Orb.
     0 | D:1      | Reached XP level 1. HP: 13/13 MP: 3/3
   568 | D:1      | Reached skill level 1 in Fighting
   571 | D:1      | Gained mutation: Your flesh is heat resistant. [demonic ancestry]
   571 | D:1      | Reached XP level 2. HP: 16/21 MP: 5/5
  1057 | D:2      | Gained mutation: You have a pair of small antennae on your head. [demonic ancestry]
  1057 | D:2      | Reached XP level 3. HP: 3/28 MP: 6/6
  1574 | D:2      | Learned a level 3 spell: Vampiric Draining
  2320 | D:2      | Reached XP level 4. HP: 30/35 MP: 7/7
  2755 | D:2      | Learned a level 3 spell: Regeneration
  2769 | D:2      | Found an iron altar of Okawaru.
  3441 | D:3      | Noticed Aokaililo's ghost (amateur DsNe)
  3875 | D:3      | Slain by Aokaililo's ghost

Action                   |  1- 3 |  4- 6 || total
-------------------------+-------+-------++-------
Melee: Unarmed           |     3 |       ||     3
       Club              |    38 |    43 ||    81
 Cast: Pain              |    87 |    46 ||   133
       Regeneration      |       |     2 ||     2
       Vampiric Draining |       |     1 ||     1
Evoke: Wand              |       |     3 ||     3
  Use: Scroll            |     8 |     1 ||     9
 Stab: Paralysed         |       |    11 ||    11
  Eat: Chunk             |     6 |     5 ||    11
